 Dungeon Crawl Stone Soup version 0.29-a0-284-gf9362112df (webtiles) character file.

Game seed: 11608853074143333219

32 spaghetti the Ruffian (level 3, -9/30 HPs)
             Began as a Djinni Berserker on Mar 30, 2022.
             Was a Follower of Trog.
             Mangled by Sigmund
             ... wielding a +0 scythe
              (12 damage)
             ... on level 2 of the Dungeon.
             The game lasted 00:02:06 (1718 turns).

spaghetti the Ruffian (Djinni Berserker)            Turns: 1718, Time: 00:02:07

Health: -9/30      AC: 13    Str: 18    XL:     3   Next: 45%
Gold:   34         EV:  6    Int:  8    God:    Trog [*.....] SH:  0 Dex: 12

rFire   + + .      SeeInvis .     - Unarmed
rCold   x . .      Faith    .   (no shield)
rNeg    . . .      Spirit   .   d - +0 plate armour
rPois   ∞          Reflect  .   i - +2 hat
rElec   .          Harm     .   (no cloak)
rCorr   .          Rampage  .   (no gloves)
Will    .....                   (boots unavailable)
Stlth   ..........              (no amulet)
HPRegen 0.10/turn               (no ring)
MPRegen 0.00/turn               (no ring)

@: confused, on berserk cooldown, flying, slowed, very slow
A: sickness immunity, fire resistance 2, cold vulnerability 1, float, innate
caster, HP casting, extra vitality 1
a: Renounce Religion, Berserk


You were on level 2 of the Dungeon.
You worshipped Trog.
Trog was aware of your devotion.
You visited 1 branch of the dungeon, and saw 2 of its levels.

You collected 34 gold pieces.


Innate Abilities, Weirdness & Mutations

You are immune to sickness and miasma.
You are immune to poison.
Your flesh is very heat resistant. (rF++)
You are vulnerable to cold. (rC-)
You float through the air rather than walking.
You learn spells naturally, not from books.
Your magical power is your life essence.
You have superior vitality. (+4 MHP)


   Skills:
 * Level 3.3 Fighting
 * Level 2.4 Armour
 + Level 2.5 Dodging
 * Level 3.4 Unarmed Combat


You had one spell level left.
You knew the following spells:

 Your Spells              Type           Power      Damage    Failure   Level
a - Foxfire               Conj/Fire      0%         2x1d4     100%        1
Your spell library was empty.

Inventory:

Missiles
 e - 18 stones (quivered) {throwing}
 f - 4 boomerangs {throwing}
Armour
 a - a +0 animal skin
 d - a +0 plate armour (worn)
   (You found it on level 1 of the Dungeon)
 i - a +2 hat (worn)
   (You found it on level 1 of the Dungeon)
Scrolls
 b - 2 scrolls of noise {unknown}
 c - 3 scrolls of identify {unknown}
 g - a scroll of immolation {unknown}

Dungeon Overview and Level Annotations

Branches:
Dungeon (2/15)

Altars:

Annotations:
D:2 Sigmund, Terence

#### . #.. .≈
##.## P≈P≈
#.####...###).P≈P
#....<.......P
#.####...###.#
##..@@..#
#.{###.# #..# ..
...$. ... #######
###


You could see Terence.


Message History

You feel less confused.
The frilled lizard bites you but does no damage. x2
The frilled lizard bites you but does no damage.
You closely miss the frilled lizard.
The frilled lizard bites you but does no damage. x2
You hit the frilled lizard but do no damage.
The frilled lizard barely misses you.
You hit the frilled lizard.
You kill the frilled lizard!
Trog accepts your kill.
You start waiting.
You feel yourself speed up.
You recover from your berserk rage.
Done waiting.
Unknown command.
There is a stone staircase leading down here.
You fly downwards.
Level annotation: Sigmund
There is a stone staircase leading up here.
Unknown command.
Unknown command.
A red film seems to cover your vision as you go berserk!
You feel yourself moving faster!
You feel mighty!
You can no longer call upon Trog for regeneration and willpower.
Sigmund mumbles some strange words.
Sigmund flickers and vanishes!
Deactivating autopickup; reactivate with Ctrl-A. 😎 HP[+15]
You now have 45 max hp (+15).
Your hp is fully restored (45).
You feel a strong urge to attack something.
Something hits you. 😕 HP[-4]
You take 4 damage, and now have 41/45 hp.
You miss something. Your punch misses something.
Terence the Incautious comes into view.
He is wielding a +0 falchion.
You hear some strange, mumbled words.
A puff of flame appears from out of thin air!
The puff of flame hits you. You resist. 😕 HP[-1]
You take 1 damage, and now have 40/45 hp.
You barely miss something. You barely miss something.
Something hits you but does no damage.
You hit something. 😕 HP[+1]
You closely miss something. Terence hits you but does no damage.
Something hits you. 😕 HP[-4]
You take 4 damage, and now have 37/45 hp.
You miss something.
Unknown command.
You hit something. Terence hits you but does no damage.
Unknown command.
You closely miss something.
You hear some strange, mumbled words.
You are confused.
Something hits you but does no damage.
You miss Terence.
Terence hits you with a +0 falchion. 😕 HP[-2]
You take 2 damage, and now have 35/45 hp.
You bump into the rock wall.
You are no longer berserk.
You are exhausted.
You feel yourself slow down. 😕 HP[-12]
You now have 30 max hp (-15).
You bump into the rock wall.
You hear some strange, mumbled words.
You are more confused.
Terence closely misses you. Something hits you.
Terence hits you with a +0 falchion. 😮 HP[-3]
You take 3 damage, and now have 20/30 hp.
Unknown command.
Unknown command.
You bump into the rock wall.
Terence hits you but does no damage. 😮 HP[+1] Unknown command.
Unknown command.
Unknown command.
Terence attacks as you move away! Terence hits you with a +0 falchion.
Something hits you.
* * * LOW HITPOINT WARNING * * *
Terence says, "Time to say good-bye..."
Terence barely misses you. 😨 HP[-6]
You take 6 damage, and now have 15/30 hp.
Unknown command.
Unknown command.
It was a potion of berserk rage.
You're still recovering from your berserk rage.
Terence hits you but does no damage. Something hits you!
* * * LOW HITPOINT WARNING * * *
😱 HP[-12]
You take 12 damage, and now have 3/30 hp.
MASSIVE DAMAGE!! (PAUSE)
You are too confused!
You are too confused!
You're too confused to move!
Terence barely misses you. Something hits you!
You die...

Action                   || total
-------------------------++-------
Melee: Unarmed           ||   115
Invok: Berserk           ||     2
  Use: Potion            ||     1
Armor: Animal skin       ||     2
       Plate armour      ||    83
Dodge: Dodged            ||    46

Levels and vault maps discovered:
D:1:      shiori_arrival_whats_in_store_for_you, layout_loops_corners,
          hellmonk_ecumenical_altar_leap_of_faith, minmay_tetromino_s2
D:2:      layout_loops_ring, serial_bayou_lagoon_a, uniq_sigmund, uniq_terence

Notes
Turn   | Place    | Note
-------+----------+-------------------------------------------
     0 | D:1      | spaghetti the Djinni Berserker began the quest for the Orb.
     0 | D:1      | Reached XP level 1. HP: 20/20 MP: 0/0
     0 | D:1      | magus.rc [v1.9.6]
     4 | D:1      | Noticed a minotaur skeleton
   404 | D:1      | Reached XP level 2. HP: 25/25 MP: 0/0
   448 | D:1      | Found a faded altar of an unknown god.
   773 | D:1      | Reached XP level 3. HP: 16/30 MP: 0/0
   773 | D:1      | Learned a level 1 spell: Foxfire
  1398 | D:1      | Reached ** piety under Trog
  1583 | D:2      | Noticed Sigmund
  1703 | D:2      | Noticed Terence
  1717 | D:2      | HP: 3/30 [something (12)]
  1718 | D:2      | Mangled by Sigmund

Vanquished Creatures
  2 ball pythons (D:1)
  3 endoplasms (D:1)
  4 goblins (D:1)
  A hobgoblin (D:1)
  6 jackals (D:1)
  4 bats (D:1)
  3 frilled lizards (D:1)
  4 kobolds (D:1)
  4 rats (D:1)
31 creatures vanquished.

Vanquished Creatures (others)
  2 plants (D:2)
2 creatures vanquished.

Grand Total: 33 creatures vanquished

Table legend:
 A = Non-vault XP
 B = Vault XP
 C = Vault XP percentage of total XP
 D = Non-vault monster count
 E = Vault monster count
 F = Vault count percentage of total count
                 A         B        C        D         E       F
            +---------+---------+-------+---------+---------+-------
      Total |      47 |       0 |   0.0 |      31 |       0 |   0.0
            +---------+---------+-------+---------+---------+-------
        D:1 |      47 |       0 |   0.0 |      31 |       0 |   0.0
            +---------+---------+-------+---------+---------+-------

Illustrated notes

Table legend:
 A = Kills in this place as a percentage of kills in entire the game.
 B = Kills by you in this place as a percentage of kills by you in the entire game.
 C = Kills by friends in this place as a percentage of kills by friends in the entire game.
 D = Other kills in this place as a percentage of other kills in the entire game.
 E = Experience gained in this place as a percentage of experience gained in the entire game.
 F = Experience gained in this place divided by the number of levels of this place that you have seen.
                   A       B       C       D       E      F
               +-------+-------+-------+-------+-------+----------------------
         Total | 100.0 | 100.0 |   N/A |   N/A | 100.0 |  23.5
       Dungeon | 100.0 | 100.0 |   N/A |   N/A | 100.0 |  23.5
               +-------+-------+-------+-------+-------+----------------------

Table legend: (Time is in decaauts)
 A = Elapsed time spent in this place.
 B = Non-inter-level travel time spent in this place.
 C = Inter-level travel time spent in this place.
 D = Time resting spent in this place.
 E = Time spent auto-exploring this place.
 F = Levels seen in this place.
 G = Mean time per level.
                   A        B        C        D        E       F      G
               +--------+--------+--------+--------+--------+-----+--------+
         Total |   1724 |   1662 |     62 |    415 |   1003 |   2 |  862.0 |
       Dungeon |   1724 |   1662 |     62 |    415 |   1003 |   2 |  862.0 |
               +--------+--------+--------+--------+--------+-----+--------+

Top non-repeatable levels by time:
     D:1: 1703 daAuts
     D:2: 21 daAuts
